 Dungeon Crawl Stone Soup version 0.26-a0-1101-g8f9f7f7418 (webtiles) character file.

Game seed: 15753292242772690088

7 DasRunzen the Chiller (level 1, 0/8 HPs)
             Began as a Felid Ice Elementalist on Dec 15, 2020.
             Slain by a jackal (1 damage)
             ... on level 1 of the Dungeon.
             The game lasted 00:01:01 (88 turns).

DasRunzen the Chiller (Felid Ice Elementalist)        Turns: 88, Time: 00:01:02

Health: 0/8        AC:  1    Str:  4    XL:     1   Next: 91%
Magic:  0/4        EV: 18    Int: 16    God:
Gold:   0          SH:  0    Dex: 16    Spells: 3/4 levels left
                                        Lives:  0   Deaths: 0

rFire    . . .     SeeInvis +   (weapon unavailable)
rCold    . . .     Faith    .   (shield unavailable)
rNeg     . . .     Spirit   .   (armour unavailable)
rPois    .         Reflect  .   (helmet unavailable)
rElec    .         Harm     .   (cloak unavailable)
rCorr    .         Rampage  .   (gloves unavailable)
Will     .....                  (boots unavailable)
Stlth    +++.......             (no amulet)
HPRegen  0.02/turn              (no ring)
MPRegen  0.09/turn              (no ring)

@: quick
A: very small, no armour, no weapons or thrown items, stealth, claws 1, fangs 3,
see invisible, speed 1, shaggy fur 1, sharp paws
a: no special abilities


You were on level 1 of the Dungeon.
You visited 1 branch of the dungeon, and saw 1 of its levels.

Inventory:

Scrolls
 a - a scroll of remove curse {unknown}


   Skills:
 + Level 0.4 Fighting
 + Level 2.9 Dodging
 + Level 2.9 Stealth
 + Level 2.1 Spellcasting
 + Level 3.7 Ice Magic


You had 3 spell levels left.
You knew the following spells:

 Your Spells              Type           Power        Failure   Level
a - Freeze                Ice            ##..         4%          1

Your spell library contained the following spells:

 Spells                   Type           Power        Failure   Level
 Frozen Ramparts          Ice            ##....       14%         3
 Ozocubu's Armour         Ice            ##......     14%         3
 Hailstorm                Conj/Ice       #.......     67%         4
 Summon Ice Beast         Ice/Summ       #.......     67%         4


Dungeon Overview and Level Annotations

Branches:
Dungeon (1/15)

Altars:


Innate Abilities, Weirdness & Mutations

You cannot wear armour.
You are incapable of wielding weapons or throwing items.
Your paws allow you to move quietly. (Stealth)
You have sharp claws.
You have razor-sharp teeth.
You have supernaturally acute eyesight. (SInv)
You cover ground quickly.
You are covered in fur. (AC +1)
Your sharp claws are effective at attacking unaware monsters.


Message History

Aim: a giant cockroach (severely wounded)
You freeze the giant cockroach.
You kill the giant cockroach!
The jackal misses you.
You scratch the jackal.
The jackal is moderately wounded.
The jackal closely misses you.
You scratch the jackal.
The jackal is heavily wounded.
The jackal barely misses you.
You scratch the jackal. Your bite misses the jackal.
The jackal is almost dead.
The jackal misses you. x2
You closely miss the jackal.
The jackal is almost dead.
The jackal completely misses you.
You completely miss the jackal. You bite the jackal, but do no damage.
The jackal is almost dead.
The jackal bites you.
You die...

.. ####... #b##..
##...... #....
+....... #.#.K
#....... #.#.#
#....... #.#.#
#....... #
#.#.#####.#.....
#.###.#.............
#..@hh..............
#.###B#######.....##
# #.# #####.....##
................
.#.######.#.#.#.#
#.#.. #........ #
#.. +.#.#.#.#. ##.
#.........
..#.#?#.#.#


You could see 2 jackals and a giant cockroach.

Vanquished Creatures
  A dart slug (D:1)
  A giant cockroach (D:1)
  2 jackals (D:1)
  A rat (D:1)
5 creatures vanquished.

Notes
Turn   | Place    | Note
-------+----------+-------------------------------------------
     0 | D:1      | DasRunzen the Felid Ice Elementalist began the quest for
                  | the Orb.
     0 | D:1      | Reached XP level 1. HP: 7/7 MP: 4/4
    88 | D:1      | Slain by a jackal

Illustrated notes

Levels and vault maps discovered:
D:1:      matt_arrival_diagonals, layout_basic, hex_large

Action                   || total
-------------------------++-------
Melee: Unarmed           ||    40
       Bite              ||     6
 Cast: Freeze            ||     6
Armor: Skin              ||     3
Dodge: Dodged            ||    48

Table legend: (Time is in decaauts)
 A = Elapsed time spent in this place.
 B = Non-inter-level travel time spent in this place.
 C = Inter-level travel time spent in this place.
 D = Time resting spent in this place.
 E = Time spent auto-exploring this place.
 F = Levels seen in this place.
 G = Mean time per level.
                   A        B        C        D        E       F      G
               +--------+--------+--------+--------+--------+-----+--------+
         Total |     79 |     79 |      0 |      0 |     16 |   1 |   79.0 |
       Dungeon |     79 |     79 |      0 |      0 |     16 |   1 |   79.0 |
               +--------+--------+--------+--------+--------+-----+--------+

Top non-repeatable levels by time:
     D:1: 79 daAuts
